Map: Orbital Shipyard

Players

Flume

  • Race: Protoss Protoss
  • League: Platinum

Apex - Winner!

  • Race: Protoss Protoss
  • League: Platinum

VOD

Have the link to the VOD?

Description

Time

  • Played on: Oct. 3, 2015, 1:53 p.m.
  • Length: 15:47
Show
View Real Time Build Order
Export as new Build Order

Flume Protoss 

Build Orders: Oracle Opening 

Get SALT Encoding   

  12  0:01  Probe (Chrono Boost)  
  13  0:11  Probe (Chrono Boost)  
  14  0:18  Pylon  
  14  0:22  Probe (Chrono Boost)  
  15  0:36  Probe (Chrono Boost)  
  15  0:37  Gateway  
  16  0:46  Probe (Chrono Boost)  
  17  0:50  Assimilator  
  17  0:53  Assimilator  
  17  0:57  Probe (Chrono Boost)  
  18  1:09  Pylon  
  18  1:10  Probe (Chrono Boost)  
  19  1:20  Probe (Chrono Boost)  
  20  1:26  Cybernetics Core  
  20  1:31  Probe (Chrono Boost)  
  21  1:41  Probe (Chrono Boost)  
  22  1:52  Probe (Chrono Boost)  
  23  2:02  Probe (Chrono Boost), Stargate  
  23  2:06  Warp Gate  
  24  2:13  Probe (Chrono Boost)  
  25  2:18  Adept  
  27  2:27  Nexus  
  27  2:31  Probe (Chrono Boost)  
  29  2:48  Oracle (Chrono Boost)  
  29  2:49  Pylon  
  31  3:07  Probe  
  31  3:11  Pylon  
  32  3:15  Gateway  
  32  3:19  Probe  
  33  3:22  Void Ray (Chrono Boost)  
  37  3:31  Probe  
  38  3:35  Gateway  
  38  3:42  Probe  
  40  3:49  Mothership Core  
  40  3:52  Probe  
  41  4:03  Probe  
  42  4:10  Probe  
  42  4:13  Probe  
  41  4:22  Probe, Void Ray (Chrono Boost)  
  41  4:24  Probe  
  46  4:30  Assimilator  
  47  4:34  Probe x2  
  47  4:35  Assimilator  
  47  4:38  Protoss Air Weapons Level 1  
  49  4:45  Probe  
  49  4:46  Probe  
  49  4:48  Pylon  
  51  4:55  Probe  
  51  4:56  Pylon  
  51  4:58  Probe  
  53  5:02  Oracle (Chrono Boost)  
  53  5:06  Probe  
  56  5:11  Probe  
  58  5:16  Probe  
  58  5:20  Pylon  
  59  5:23  Probe  
  59  5:27  Probe  
  60  5:30  Stalker x2  
  60  5:31  Stargate  
  60  5:33  Void Ray (Chrono Boost)  
  69  5:39  Probe  
  70  5:43  Probe  
  71  5:50  Stalker  
  71  5:54  Probe  
  74  6:01  Stalker x2  
  78  6:06  Pylon  
  78  6:13  Void Ray (Chrono Boost)  
  78  6:14  Void Ray (Chrono Boost)  
  86  6:31  Probe  
  86  6:32  Probe  
  85  6:51  Void Ray (Chrono Boost)  
  85  6:53  Void Ray (Chrono Boost)  
  93  7:00  Nexus  
  93  7:01  Pylon  
  93  7:03  Pylon  
  93  7:06  Protoss Air Armor Level 1  
  93  7:10  Probe  
  94  7:17  Pylon  
  94  7:22  Pylon  
  94  7:28  Stargate  
  86  7:40  Oracle (Chrono Boost)  
  84  7:45  Oracle (Chrono Boost)  
  84  7:46  Forge  
  87  7:57  Probe x2  
  88  8:09  Probe  
  88  8:10  Probe  
  88  8:20  Probe  
  88  8:22  Probe x2  
  88  8:25  Oracle (Chrono Boost)  
  86  8:30  Probe  
  86  8:34  Probe  
  73  8:40  Forge, Robotics Facility  
  73  8:49  Probe x3  
  76  9:00  Probe  
  76  9:01  Probe x2  
  76  9:02  Gateway  
  79  9:14  Stalker x3  
  85  9:30  Probe  
  82  9:31  Probe x2  
  85  9:41  Pylon x2  
  85  9:45  Probe  
  85  9:46  Probe x2  
  85  9:48  Void Ray (Chrono Boost)  
  92  9:58  Probe  
  92  10:00  Probe x2  
  92  10:06  Observer  
  96  10:09  Probe  
  96  10:12  Probe  
  96  10:13  Void Ray (Chrono Boost)  
  102  10:30  Probe  
  102  10:31  Probe x2  
  102  10:35  Assimilator  
  105  10:41  Assimilator  
  105  10:43  Probe x2  
  111  10:51  Void Ray (Chrono Boost)  
  115  10:58  Probe, Void Ray (Chrono Boost)  
  115  11:00  Probe x2  
  118  11:09  Photon Cannon  
  118  11:10  Photon Cannon  
  111  11:23  Zealot x4  
  118  11:45  Probe, Void Ray x2 (Chrono Boost)  
  119  11:59  Probe, Nexus  
  119  12:00  Probe  
  121  12:14  Probe  
  121  12:15  Probe  
  121  12:18  Photon Cannon  
  123  12:27  Probe, Phoenix (Chrono Boost)  
  126  12:54  Probe  
  126  12:55  Probe  
  124  12:59  Void Ray (Chrono Boost)  
  124  13:00  Phoenix (Chrono Boost)  
  123  13:09  Observer  
  123  13:10  Probe  
  123  13:11  Probe  
  130  13:17  Void Ray (Chrono Boost)  
  130  13:28  Probe  
  130  13:34  Probe x2  
  131  13:40  Probe  
  134  13:44  Probe x2  
  133  13:53  Probe  
  133  13:55  Probe x2  
  134  13:58  Fleet Beacon  
  136  14:05  Probe x3  
  136  14:17  Probe  
  136  14:23  Probe x2  
  137  14:29  Probe  
  132  14:44  Void Ray x2 (Chrono Boost)  
  140  14:46  Pylon  
  140  14:47  Pylon  
  140  14:49  Pylon  
  140  15:04  Void Ray (Chrono Boost)  
  138  15:08  Nexus  
Show
View Real Time Build Order
Export as new Build Order

Apex Protoss - Winner!

Build Orders:  

Get SALT Encoding   

  12  0:01  Probe (Chrono Boost)  
  13  0:11  Probe (Chrono Boost)  
  14  0:18  Pylon  
  14  0:22  Probe (Chrono Boost)  
  15  0:37  Probe (Chrono Boost)  
  15  0:39  Gateway  
  16  0:43  Assimilator  
  16  0:47  Probe (Chrono Boost)  
  17  0:58  Probe (Chrono Boost)  
  18  1:08  Probe (Chrono Boost)  
  19  1:14  Pylon  
  19  1:16  Gateway  
  19  1:19  Probe (Chrono Boost)  
  20  1:29  Probe (Chrono Boost)  
  21  1:33  Cybernetics Core  
  21  1:38  Assimilator  
  21  1:40  Probe (Chrono Boost)  
  21  1:43  Pylon  
  22  1:51  Probe (Chrono Boost)  
  23  2:03  Probe (Chrono Boost)  
  24  2:14  Mothership Core (Chrono Boost)  
  26  2:16  Warp Gate (Chrono Boost)  
  28  2:22  Adept  
  28  2:32  Nexus  
  28  2:38  Probe (Chrono Boost)  
  29  2:46  Robotics Facility  
  29  2:49  Probe  
  30  3:02  Probe  
  30  3:03  Forge  
  31  3:10  Pylon  
  31  3:14  Probe  
  32  3:26  Probe  
  33  3:29  Twilight Council  
  33  3:38  Probe  
  33  3:41  Warp Prism  
  34  3:43  Protoss Ground Weapons Level 1  
  34  3:44  Probe  
  37  3:53  Probe  
  38  3:56  Pylon  
  29  4:16  Probe, Blink (Chrono Boost)  
  28  4:17  Probe  
  28  4:23  Stalker  
  32  4:27  Stalker  
  32  4:31  Probe x2  
  36  4:42  Probe (Chrono Boost)  
  36  4:43  Probe (Chrono Boost)  
  38  4:53  Probe (Chrono Boost)  
  38  4:54  Probe  
  38  4:57  Gateway  
  40  5:02  Stalker  
  40  5:05  Stalker  
  40  5:06  Probe x2  
  46  5:18  Probe  
  46  5:20  Probe  
  48  5:29  Stalker x2  
  48  5:30  Probe  
  48  5:32  Probe  
  54  5:37  Observer (Chrono Boost)  
  54  5:39  Dark Shrine  
  54  5:42  Probe  
  56  5:44  Probe  
  57  6:00  Stalker x2  
  61  6:04  Stalker  
  61  6:10  Probe x2, Assimilator  
  65  6:12  Pylon  
  65  6:14  Pylon  
  65  6:16  Assimilator  
  65  6:22  Probe  
  65  6:26  Gateway  
  64  6:34  Stalker x3  
  64  6:39  Probe x2  
  72  6:51  Probe  
  72  6:52  Probe  
  74  7:02  Dark Templar x2  
  74  7:03  Probe  
  74  7:04  Probe, Dark Templar  
  82  7:15  Gateway, Probe  
  82  7:16  Probe  
  82  7:19  Pylon  
  84  7:37  Probe  
  85  7:57  Pylon  
  85  7:58  Pylon  
  85  8:00  Pylon  
  85  8:06  Probe  
  86  8:15  Probe, Observer (Chrono Boost)  
  86  8:17  Dark Templar x4, Nexus  
  90  8:20  Assimilator  
  90  8:25  Assimilator  
  90  8:29  Pylon  
  90  8:37  Probe x2  
  90  8:38  Immortal (Chrono Boost)  
  96  8:51  Stalker x4  
  96  8:52  Stalker, Probe x2  
  108  8:58  Photon Cannon  
  108  9:00  Photon Cannon  
  108  9:07  Archon x2  
  108  9:17  Stalker x3  
  108  9:18  Stalker x2  
  118  9:29  Probe x2  
  120  9:36  Immortal (Chrono Boost)  
  124  9:41  Probe x2, Stargate  
  124  9:44  Probe, Stargate  
  127  9:53  Probe  
  128  10:09  Probe  
  128  10:11  Probe x2  
  128  10:14  Dark Templar  
  133  10:18  Pylon  
  131  10:21  Pylon x2  
  131  10:22  Stalker  
  131  10:23  Pylon  
  131  10:24  Pylon  
  131  10:25  Stalker  
  131  10:26  Pylon  
  131  10:36  Phoenix x2  
  135  10:51  Protoss Air Weapons Level 1  
  135  10:56  Fleet Beacon, Dark Templar  
  137  11:01  Probe, Nexus, Phoenix x2 (Chrono Boost)  
  137  11:03  Pylon  
  142  11:16  Zealot x4  
  150  11:23  Phoenix (Chrono Boost)  
  150  11:24  Phoenix (Chrono Boost)  
  148  11:45  Phoenix x2 (Chrono Boost)  
  148  11:46  Observer  
  147  11:48  Assimilator  
  147  11:52  Probe  
  147  11:53  Assimilator  
  148  12:07  Phoenix x2 (Chrono Boost)  
  148  12:08  Immortal  
  156  12:13  Fleet Beacon  
  156  12:16  Stargate  
  156  12:18  Anion Pulse-Crystals  
  156  12:21  Probe x2  
  158  12:28  Phoenix (Chrono Boost)  
  158  12:29  Phoenix (Chrono Boost)  
  162  12:33  Dark Templar x2  
  162  12:34  Dark Templar  
  162  12:35  Zealot  
  170  12:39  Probe x2  
  172  12:55  Carrier (Chrono Boost)  
  190  13:22  Carrier x2 (Chrono Boost)  
  190  13:28  Pylon  
  186  13:41  Probe x2  
  188  13:51  Carrier (Chrono Boost)  
  178  14:00  Stalker x3  
  178  14:01  Stalker x2  
  188  14:09  Pylon  
  194  14:10  Nexus  
  194  14:11  Assimilator  
  194  14:12  Assimilator  
  194  14:14  Probe  
  194  14:15  Probe  
  194  14:16  Probe x2  
  198  14:25  Probe  
  198  14:28  Probe x2  
  199  14:33  Probe  
  200  14:42  Pylon  
  200  14:44  Pylon  
  200  14:46  Pylon  
  200  14:48  Pylon  
  200  14:51  Photon Cannon  
  200  14:53  Photon Cannon  
  200  14:56  Photon Cannon  
  200  14:58  Photon Cannon x2  
  200  15:02  Photon Cannon  
  198  15:22  Dark Templar  
  182  15:47  Stalker x2  
Tags
 
Add a new tag
Caveats
  • Supply blocks, unpowered buildings, or Contaminate may cause inaccurate times.
  • Supply counts are checked every 10 seconds.